 Dungeon Crawl Stone Soup version 0.28.0-53-g5a82cb258f (webtiles) character file.

Game seed: 17804692983851456005

161 Ijustatesigmund the Stinger (level 5, -1/31 HPs)
             Began as an Octopode Venom Mage on July 18, 2022.
             Slain by a ball python (2 damage)
             ... on level 4 of the Dungeon.
             The game lasted 00:06:20 (3188 turns).

Ijustatesigmund the Stinger (Octopode Venom Mage)   Turns: 3188, Time: 00:06:21

Health: -1/31      AC:  1    Str:  8    XL:     5   Next: 42%
Magic:  1/9        EV: 10    Int: 19    God:
Gold:   111        SH:  0    Dex: 17    Spells: 3/9 levels left

rFire   . . .      SeeInvis .   e - +4 mace of Debt {flame, Fragile Will+ Dex+5}
rCold   . . .      Faith    .   (no shield)
rNeg    . . .      Spirit   .   (helmet restricted)
rPois   .          Reflect  .   (no amulet)
rElec   .          Harm     .   (no ring)
rCorr   .          Rampage  .   (no ring)
Will    +....                   (no ring)
Stlth   +++.......              (no ring)
HPRegen 0.10/turn               (no ring)
MPRegen 0.11/turn               (no ring)
                                (no ring)
                                (no ring)

@: constricted
A: almost no armour, amphibious, 8 rings, camouflage 1, gelatinous body 1,
(nimble swimmer 1), tentacles
a: no special abilities


You were on level 4 of the Dungeon.
You visited 1 branch of the dungeon, and saw 4 of its levels.

You collected 111 gold pieces.

Inventory:

Hand Weapons
 c - a +0 short sword
 e - the +4 mace of Debt (weapon) {flame, Fragile Will+ Dex+5}
   (You found it on level 2 of the Dungeon)

   It burns those it strikes, dealing additional fire damage.
   Dex:       It affects your dexterity (+5).
   Fragile:   It will be destroyed if unequipped.
   Will:      It increases your willpower.
 g - a +1 mace of holy wrath
Jewellery
 k - an amulet of magic regeneration
 l - a +4 ring of protection
Potions
 a - a potion of brilliance
 b - 2 potions of heal wounds
 d - 2 potions of lignification {unknown}
 h - a potion of degeneration {unknown}
 i - a potion of might {unknown}
 j - a potion of ambrosia {unknown}


   Skills:
 - Level 2.0 Dodging
 - Level 2.6 Stealth
 + Level 2.9 Spellcasting
 + Level 2.1 Conjurations
 - Level 2.3 Transmutations
 + Level 2.1 Air Magic
 - Level 4.1 Poison Magic


You had 3 spell levels left.
You knew the following spells:

 Your Spells              Type           Power      Damage    Failure   Level
a - Sting                 Tmut/Pois      60%        1d6       4%          1
b - Poisonous Vapours     Pois/Air       28%        N/A       6%          2
c - Mephitic Cloud        Conj/Pois/Air  13%        N/A       14%         3

Your spell library contained the following spells:

 Spells                   Type           Power      Damage    Failure   Level
 Olgreb's Toxic Radiance  Pois           18%        N/A       28%         4


Dungeon Overview and Level Annotations

Branches:
Dungeon (4/15)
 Temple: D:4-7

Altars:
Xom

Annotations:
D:3 duchin's ghost, weakling MiFi


Innate Abilities, Weirdness & Mutations

You cannot wear most types of armour.
You are amphibious.
You can wear up to eight rings at the same time.
Your skin changes colour to match your surroundings (Stealth+).
Your rubbery body absorbs attacks. (AC +1, EV +1)
((You are camouflaged when in or above water. (Stealth+)))
You have tentacles for arms and can constrict up to eight enemies at once.


Message History

You are very lightly contaminated with residual magic.
Nothing appears to happen.
You feel sick.
You kill the kobold!
You feel sick.
The kobold closely misses the kobold.
You climb downwards.
You feel sick.
The ball python hisses angrily.
The gnoll shouts! x4
There is a stone staircase leading up here.
You feel better. The gnoll hits you with a +0 club.
You closely miss the gnoll. You grab the gnoll. You constrict the gnoll.
The gnoll misses you.
You hit the gnoll but do no damage.
The gnoll is lightly wounded.
You constrict the gnoll. The gnoll closely misses you.
You sock the gnoll! You burn the gnoll. Your grab misses the gnoll.
The gnoll is almost dead.
You constrict the gnoll.
The gnoll struggles to escape constriction.
The gnoll escapes!
Your magical contamination has completely faded away.
You hit the gnoll. You burn the gnoll. You grab the gnoll.
You squeeze the gnoll.
You kill the gnoll!
The ball python barely misses you. The ball python grabs you.
The ball python constricts you.
You barely miss the ball python. Your grab misses the ball python.
The gnoll closely misses you. The ball python bites you.
The ball python constricts you. The gnoll closely misses you.
The ball python closely misses you. The ball python constricts you.
The gnoll hits you with a +0 flail.
You closely miss the ball python. Your grab misses the ball python.
The ball python bites you. The ball python constricts you.
The gnoll hits you with a +0 club. The gnoll closely misses you.
Unknown command.
You closely miss the ball python. You grab the ball python.
You constrict the ball python. The ball python bites you.
The ball python constricts you. The gnoll hits you with a +0 club.
The gnoll hits you with a +0 flail!
* * * LOW HITPOINT WARNING * * *
The ball python bites you.
You die...

#####
#...#
#...#
#...#
#.g@#
#.gS#
#..g.
#...#.
#....^#
#...# .
#...#
.#
##### .


You could see 3 gnolls and a ball python.

Vanquished Creatures
  Crazy Yiuf (D:2)
  An iguana (D:2)
  An adder (D:3)
  A gnoll (D:4)
  A worm (D:2)
  5 dart slugs
  An orc (D:3)
  8 bats
  7 endoplasms
  4 giant cockroaches
  4 goblins
  7 hobgoblins
  3 quokkas
  6 ball pythons
  7 frilled lizards
  10 kobolds
  4 rats
71 creatures vanquished.

Vanquished Creatures (collateral kills)
  A ball python (D:1)
1 creature vanquished.

Vanquished Creatures (others)
  A plant (D:3)
1 creature vanquished.

Grand Total: 73 creatures vanquished

Notes
Turn   | Place    | Note
-------+----------+-------------------------------------------
     0 | D:1      | Ijustatesigmund the Octopode Venom Mage began the quest for
                  | the Orb.
     0 | D:1      | Reached XP level 1. HP: 11/11 MP: 3/3
    54 | D:1      | Reached XP level 2. HP: 11/17 MP: 0/5
   330 | D:1      | Reached skill level 4 in Poison Magic
   359 | D:1      | Learned a level 2 spell: Poisonous Vapours
   653 | D:1      | Reached XP level 3. HP: 20/21 MP: 6/6
   657 | D:1      | Learned a level 3 spell: Mephitic Cloud
  1680 | D:2      | Reached skill level 1 in Air Magic
  1758 | D:2      | Reached skill level 1 in Conjurations
  1799 | D:2      | Reached XP level 4. HP: 23/27 MP: 4/7
  1956 | D:2      | Found a shimmering altar of Xom.
  2027 | D:2      | Found a runed translucent door.
  2028 | D:2      | Noticed Crazy Yiuf
  2030 | D:2      | Identified the +4 mace of Debt {flame, Fragile Will+ Dex+5}
  2124 | D:2      | Killed Crazy Yiuf
  2428 | D:2      | Reached XP level 5. HP: 20/31 MP: 7/9
  3157 | D:3      | Found a runed translucent gate.
  3158 | D:3      | Found a runed translucent gate.
  3159 | D:3      | Found a runed translucent gate.
  3159 | D:3      | Noticed a kobold brigand
  3160 | D:3      | Noticed duchin's ghost (weakling MiFi)
  3188 | D:4      | HP: 1/31 [gnoll/+0 flail (9)]
  3188 | D:4      | Slain by a ball python

Illustrated notes

Levels and vault maps discovered:
D:1:      dpeg_arrival_stonehenge_8_columns, layout_loops_ring
D:2:      layout_rooms, basic_altar, nicolae_elevator_lobby_plus,
          uniq_crazy_yiuf_cottage
D:3:      layout_basic, gammafunk_ghost_nasty_kobolds
D:4:      layout_rooms, temple_statues, uniq_edmund

Skill      XL: |  1  2  3  4  5 |
---------------+----------------+-----
Transmutations | 2 |  2.3
Poison Magic   | 4 |  4.1
Air Magic      | 1 2 |  2.1
Conjurations   | 1 2 |  2.1
Dodging        | |  2.0
Stealth        | |  2.6
Spellcasting   | |  2.9

Action                   |  1- 3 |  4- 6 || total
-------------------------+-------+-------++-------
Melee: Unarmed           |     7 |       ||     7
       Constrict         |    14 |    13 ||    27
       Tentacles         |    13 |     5 ||    18
       Short sword       |    60 |    17 ||    77
       Mace              |       |    34 ||    34
 Cast: Sting             |    28 |       ||    28
       Poisonous Vapours |    15 |    10 ||    25
       Mephitic Cloud    |       |     3 ||     3
  Use: Scroll            |     5 |     1 ||     6
       Potion            |       |     2 ||     2
 Stab: Sleeping          |     2 |       ||     2
Armor: Skin              |     5 |     4 ||     9
Dodge: Dodged            |    49 |    42 ||    91
